 Dungeon Crawl Stone Soup version 0.29-a0-1023-g6ae1a4a2c7 (webtiles) character file.

Game seed: 11212708967748284712

20366 Rohain the Fighter (level 12, -1/105 HPs)
             Began as a Demonspawn Gladiator on Aug 11, 2022.
             Was an Elder of Makhleb.
             Hit by a large rock thrown by a cyclops (38 damage)
             ... on level 1 of the Orcish Mines.
             The game lasted 00:17:38 (10413 turns).

Rohain the Fighter (Demonspawn Gladiator)          Turns: 10413, Time: 00:17:39

Health: -1/105     AC: 24    Str: 22    XL:     12   Next: 44%
Magic:  8/8        EV: 16    Int: 10    God:    Makhleb [****..]
Gold:   848        SH:  0    Dex: 17    Spells: 11/11 levels left

rFire   + + +      SeeInvis .   m - +6 lajatang "Haz Kimm" {vorpal, rF+++ MP-9 Str+5}
rCold   + . .      Faith    .   (shield currently unavailable)
rNeg    . . .      Spirit   .   h - +4 ring mail
rPois   .          Reflect  .   c - +0 helmet
rElec   .          Harm     .   v - +1 cloak
rCorr   .          Rampage  .   l - +0 pair of gloves
Will    .....                   j - +0 pair of boots
Stlth   +.........              q - amulet of regeneration
HPRegen 3.07/turn               G - ring of protection from cold
MPRegen 0.11/turn               L - +4 ring of protection

@: no status effects
A: claws 1, rugged brown scales 3, demonic guardian 2, powered by death 3
a: Renounce Religion, Minor Destruction, Lesser Servant of Makhleb, Major
Destruction


You were on level 1 of the Orcish Mines.
You worshipped Makhleb.
Makhleb was greatly pleased with you.
You visited 3 branches of the dungeon, and saw 13 of its levels.

You collected 848 gold pieces.

Inventory:

Hand Weapons
 a - a +1 long sword
 m - the +6 lajatang "Haz Kimm" (weapon) {vorpal, rF+++ MP-9 Str+5}
   (You acquired it on level 2 of the Dungeon)

   It inflicts extra damage upon your enemies.
   Str:       It affects your strength (+5).
   rF:        It renders you almost immune to fire.
   MP:        It affects your magic capacity (-9).
Missiles
 d - 4 throwing nets
 e - a javelin
Armour
 b - a +0 leather armour
 c - a +0 helmet (worn)
 h - a +4 ring mail (worn)
 j - a +0 pair of boots (worn)
 l - a +0 pair of gloves (worn)
 v - a +1 cloak (worn)
 C - a scarf of resistance
Jewellery
 q - an amulet of regeneration (around neck)
 r - a ring of ice
 y - an amulet of faith
 F - a ring of magical power
 G - a ring of protection from cold (left hand)
 I - an amulet of the acrobat
 L - a +4 ring of protection (right hand)
Wands
 k - a wand of charming (24)
 D - a wand of digging (11)
Scrolls
 s - 3 scrolls of identify
 t - 2 scrolls of silence
 B - 2 scrolls of poison
 J - a scroll of immolation
 K - 2 scrolls of blinking
 M - a scroll of magic mapping
 N - a scroll of amnesia
Potions
 f - 3 potions of attraction
 g - 2 potions of curing
 i - 3 potions of mutation {unknown}
 n - 3 potions of haste
 o - 7 potions of heal wounds
 p - a potion of magic {unknown}
 u - a potion of lignification
 w - a potion of might {unknown}
 x - 4 potions of brilliance {unknown}
 z - 5 potions of degeneration
 A - a potion of flight {unknown}
 E - 2 potions of cancellation {unknown}
 H - 3 potions of resistance {unknown}


   Skills:
 + Level 10.6 Fighting
 - Level 3.2 Long Blades
 + Level 10.1 Staves
 - Level 1.7 Throwing
 + Level 8.4 Armour
 + Level 9.3 Dodging
 + Level 7.3 Invocations


You had 11 spell levels left.
You didn't know any spells.
Your spell library contained the following spells:

 Spells                   Type           Power      Damage    Failure   Level
 Apportation              Tloc           0%         N/A       50%         1
 Beastly Appendage        Tmut           0%         N/A       50%         1
 Sandblast                Erth           0%         2d4       50%         1
 Sting                    Tmut/Pois      0%         1d3       50%         1
 Passwall                 Tmut/Erth      0%         N/A       63%         2
 Poisonous Vapours        Pois/Air       0%         N/A       63%         2
 Wereblood                Tmut           0%         N/A       63%         2
 Conjure Flame            Conj/Fire      0%         6-21      86%         3
 Ignite Poison            Fire/Tmut/Pois 0%         N/A       86%         3
 Ozocubu's Armour         Ice            0%         N/A       86%         3
 Spider Form              Tmut/Pois      0%         N/A       86%         3
 Stone Arrow              Conj/Erth      0%         3d7       86%         3
 Corpse Rot               Necr/Pois/Air  0%         N/A       99%         4
 Olgreb's Toxic Radiance  Pois           0%         N/A       99%         4
 Sticky Flame             Conj/Fire      0%         2d3       99%         4
 Alistair's Intoxication  Tmut/Pois      0%         N/A       100%        5
 Ozocubu's Refrigeration  Ice            0%         4d7       100%        7


Dungeon Overview and Level Annotations

Branches:
Dungeon (11/15)            Temple (1/1) D:5            Lair (0/5) D:10
    Orc (1/2) D:11

Altars:
Ashenzari
Cheibriados
Dithmenos
Fedhas
Gozag
Hepliaklqana
Kikubaaqudgha
Makhleb
Nemelex Xobeh
Okawaru
Qazlal
Ru
Sif Muna
Trog
Uskayaw
Vehumet
Wu Jian
Xom
Yredelemnul

Shops:
D:11 :   Orc:1 =

Annotations:
D:4 1 runed translucent door, Atlas's ghost, novice OpFE
D:9 2 transporters, flotson's ghost, journeyman DsDe


Innate Abilities, Weirdness & Mutations

You have sharp fingernails.
You are completely covered in rugged brown scales. (AC +3, +7% HP)
A demonic guardian rushes to your aid.
You regenerate a lot of health from kills.


Message History

An orc comes into view. It is wielding a +0 hand axe.
You closely miss the orc.
The orc sorcerer points at you and mumbles some strange words.
You resist with some effort. The orc closely misses you.
You slice the orc!!
You kill the orc!
Makhleb accepts your kill.
You feel better.
The orc warrior hits you from afar with a +0 glaive!
* * * LOW HITPOINT WARNING * * *
A demonic guardian appears!
The orc priest closely misses you.
You slash the orc priest!
The orc priest is heavily wounded.
The orc priest closely misses you. The orc warrior completely misses you.
You slice the orc priest!!
You kill the orc priest!
Makhleb accepts your kill.
You feel better.
Your orange demon barely misses the orc sorcerer.
Your orange demon hits the orc sorcerer.
The orc sorcerer points at you and mumbles some strange words.
The bolt of fire hits you. You resist. The orc warrior closely misses you.
You are too injured to fight recklessly!
You are too injured to fight recklessly!
Unknown command.
You are too injured to fight recklessly!
You barely miss the orc sorcerer.
The orc sorcerer is lightly wounded.
Your orange demon stings the orc sorcerer!
The orc sorcerer looks as sick as possible!
Your orange demon poisons the orc sorcerer!
Your orange demon hits the orc sorcerer.
The orc hits you but does no damage. The orc sorcerer closely misses you.
The orc warrior misses you.
You barely miss the orc sorcerer.
The orc sorcerer is heavily wounded.
Your orange demon stings the orc sorcerer.
Your orange demon hits the orc sorcerer but does no damage.
The cyclops throws a large rock.
The large rock hits you!!!
You die...

.##... .. . ..... .
.. .... . ## ...
...#... .... ...#.
....C#o..
.......)##
.....oo@.#
..>...o..#
.......4.#
.........#.....#
##...............
#..... ....#......
##..#.##.#..###...#
......###. #####
#.......oo


You could see a cyclops, an orc sorcerer (extremely poisoned, ally target), an
orc warrior, 2 orcs and a friendly orange demon (summoned).

Vanquished Creatures
  2 boulder beetles (D:11)
  A two-headed ogre (D:9)
  Nergalle (D:10)
  2 orc knights
  Pikel (D:4)
  An orc sorcerer (Orc:1)
  A manticore (D:11)
  5 centaur zombies (D:10)
  Maggie (D:7)
  A kobold demonologist (D:8)
  An unseen horror zombie (D:10)
  3 komodo dragons
  3 trolls
  A hornet (D:9)
  A vampire (D:10)
  3 shadows
  19 yaks
  4 wraiths
  A wyvern (D:10)
  2 steam dragons (D:6)
  Eustachio (D:6)
  2 vampire mosquitoes (D:11)
  6 wargs (Orc:1)
  An acid dragon (D:10)
  Duvessa (D:6)
  2 ice beasts
  2 sky beasts
  2 ogres
  15 orc warriors
  6 centaurs
  4 wolves (Orc:1)
  2 lemures (D:4)
  A kobold brigand (D:10)
  A bullfrog (D:9)
  3 necrophages
  3 scorpions
  5 wights (D:8)
  Dowan (D:6)
  33 killer bees
  A howler monkey (D:8)
  A hound (D:6)
  A jelly (D:7)
  2 gnoll boudas
  10 orc priests
  19 orc wizards
  5 iguanas
  6 adders
  11 gnolls
  A river rat (D:3)
  2 shadow imps
  2 worms
  4 dart slugs
  67 orcs
  6 endoplasms
  4 giant cockroaches (D:3)
  11 goblins
  6 hobgoblins
  7 jackals
  4 quokkas
  12 ball pythons
  6 bats
  3 frilled lizards
  10 kobolds
  8 rats
354 creatures vanquished.

Vanquished Creatures (collateral kills)
  A hound (D:5)
  An orc priest (D:11)
  2 orcs (Orc:1)
4 creatures vanquished.

Vanquished Creatures (others)
  A gnoll (Orc:1)
  4 withered plants
5 creatures vanquished.

Grand Total: 363 creatures vanquished

Notes
Turn   | Place    | Note
-------+----------+-------------------------------------------
     0 | D:1      | Rohain the Demonspawn Gladiator began the quest for the
                  | Orb.
     0 | D:1      | Reached XP level 1. HP: 16/16 MP: 1/1
   402 | D:1      | Gained mutation: You regenerate a little health from kills.
                  | [demonic ancestry]
   402 | D:1      | Reached XP level 2. HP: 22/22 MP: 2/2
   991 | D:1      | Found a faded altar of an unknown god.
  1069 | D:2      | Gained mutation: You are partially covered in rugged brown
                  | scales. (AC +1, +3% HP) [demonic ancestry]
  1069 | D:2      | Reached XP level 3. HP: 21/28 MP: 3/3
  1581 | D:2      | Identified a scroll of acquirement
  1581 | D:2      | Acquired the +6 lajatang "Haz Kimm" {vorpal, rF+++ MP-9
                  | Str+5}
  1930 | D:2      | Gained mutation: A weak demonic guardian rushes to your
                  | aid. [demonic ancestry]
  1930 | D:2      | Reached XP level 4. HP: 36/36 MP: 0/4
  2260 | D:3      | Found a sparkling altar of Nemelex Xobeh.
  2479 | D:3      | Reached skill level 1 in Staves
  3039 | D:4      | Gained mutation: You are mostly covered in rugged brown
                  | scales. (AC +2, +5% HP) [demonic ancestry]
  3039 | D:4      | Reached XP level 5. HP: 36/43 MP: 0/5
  3043 | D:4      | Acquired an amulet of regeneration
  3117 | D:4      | Identified the +1 robe "Jinixzit" {Regen+ rCorr Str-4}
  3134 | D:4      | Found a runed translucent door.
  3134 | D:4      | Noticed Atlas's ghost (novice OpFE)
  3346 | D:4      | Noticed a lemure
  3346 | D:4      | Noticed a lemure
  3349 | D:4      | Noticed a lemure
  3350 | D:4      | Noticed Pikel
  3353 | D:4      | Killed a lemure
  3355 | D:4      | Noticed a lemure
  3357 | D:4      | Killed a lemure
  3361 | D:4      | Killed Pikel
  3362 | D:4      | Gained mutation: You are completely covered in rugged brown
                  | scales. (AC +3, +7% HP) [demonic ancestry]
  3362 | D:4      | Reached XP level 6. HP: 42/53 MP: 0/6
  3362 | D:4      | Gained mutation: You regenerate health from kills. [demonic
                  | ancestry]
  3362 | D:4      | Reached XP level 7. HP: 46/58 MP: 0/7
  3543 | D:5      | Entered Level 5 of the Dungeon
  3584 | D:5      | Reached skill level 5 in Fighting
  3584 | D:5      | Reached skill level 5 in Staves
  3759 | D:5      | Reached skill level 1 in Armour
  3891 | D:5      | Reached XP level 8. HP: 67/67 MP: 0/8
  4036 | D:5      | Found a staircase to the Ecumenical Temple.
  4306 | D:6      | Noticed Eustachio
  4607 | D:6      | Killed Eustachio
  4905 | D:6      | Found a shimmering blue altar of Sif Muna.
  5051 | D:6      | Noticed Duvessa
  5052 | D:6      | Noticed Dowan
  5060 | D:6      | Killed Duvessa
  5062 | D:6      | Reached skill level 5 in Dodging
  5069 | D:6      | Killed Dowan
  5183 | D:6      | Reached XP level 9. HP: 67/75 MP: 0/9
  5480 | Temple   | Entered the Ecumenical Temple
  6010 | D:7      | Noticed Maggie
  6019 | D:7      | Killed Maggie
  6730 | D:7      | Acquired a ring of protection from cold
  6765 | D:8      | Reached skill level 5 in Armour
  6856 | D:8      | Gained mutation: You regenerate a lot of health from kills.
                  | [demonic ancestry]
  6856 | D:8      | Reached XP level 10. HP: 78/85 MP: 1/10
  6883 | D:8      | You fall into a shaft and drop 1 floor!
  7016 | D:8      | Found a broken altar of Ashenzari.
  7610 | D:8      | Found a shadowy altar of Dithmenos.
  7614 | D:8      | Found a hazy altar of Hepliaklqana.
  7879 | D:9      | Found a burning altar of Makhleb.
  7947 | D:9      | Became a worshipper of Makhleb the Destroyer
  7986 | D:9      | Noticed a two-headed ogre
  7991 | D:9      | Killed a two-headed ogre
  8078 | D:9      | Found a transporter.
  8078 | D:9      | Noticed flotson's ghost (journeyman DsDe)
  8078 | D:9      | Noticed a two-headed ogre
  8078 | D:9      | Noticed a two-headed ogre
  8080 | D:9      | Noticed a two-headed ogre
  8080 | D:9      | Noticed a two-headed ogre
  8082 | D:9      | Noticed a two-headed ogre
  8090 | D:9      | Found a transporter.
  8453 | D:10     | Entered Level 10 of the Dungeon
  8526 | D:10     | Reached skill level 1 in Invocations
  8539 | D:10     | Gained mutation: A demonic guardian rushes to your aid.
                  | [demonic ancestry]
  8539 | D:10     | Reached XP level 11. HP: 95/95 MP: 2/11
  8554 | D:10     | Reached * piety under Makhleb
  8580 | D:10     | Noticed Nergalle
  8589 | D:10     | Killed Nergalle
  8919 | D:9      | Reached ** piety under Makhleb
  9169 | D:10     | Found a staircase to the Lair.
  9302 | D:11     | Found Zoshroskus's Vocational Training.
  9430 | D:11     | Reached skill level 5 in Invocations
  9436 | D:11     | Reached skill level 10 in Fighting
  9440 | D:11     | Noticed a boulder beetle
  9441 | D:11     | Noticed an orc knight
  9462 | D:11     | Killed an orc knight
  9490 | D:11     | Killed a boulder beetle
  9491 | D:11     | Gained mutation: You have sharp fingernails. [demonic
                  | ancestry]
  9491 | D:11     | Reached XP level 12. HP: 79/103 MP: 7/16
  9576 | D:11     | Found a staircase to the Orcish Mines.
  9631 | D:11     | Noticed a boulder beetle
  9642 | D:11     | Killed a boulder beetle
  9757 | D:11     | Reached *** piety under Makhleb
 10002 | Orc:1    | Entered Level 1 of the Orcish Mines
 10100 | Orc:1    | Found Fuisoad's Jewellery Shop.
 10161 | Orc:1    | Reached skill level 10 in Staves
 10302 | Orc:1    | Reached **** piety under Makhleb
 10378 | Orc:1    | Noticed an orc warlord
 10413 | Orc:1    | Hit by a large rock thrown by a cyclops

Illustrated notes

Levels and vault maps discovered:
D:1:      evilmike_arrival_plus, layout_rooms,
          hellmonk_ecumenical_altar_inner_sanctum, minivault_5
D:2:      layout_loops_ring, minmay_misc_feat_doors, st_stairs_2,
          kennysheep_nub, grunt_decor_mini_mirrors
D:3:      layout_loops_corners, nemelex_xobeh_ov_fountains_minmay,
          portal_sewer_entry_e
D:4:      layout_rooms, gammafunk_ghost_grave, minmay_quantized, uniq_pikel
D:5:      layout_basic, minmay_temple_entry_from_below_a
D:6:      minmay_spotlight, layout_rooms, mainiacjoe_overflow_24_doors,
          uniq_eustachio, uniq_duvessa
D:7:      layout_loops_corners, eino_jars, uniq_maggie
D:8:      layout_basic, riverfiend_overflow_shadow_ancestor,
          mainiacjoe_overflow_big_doors
D:9:      layout_loops_ring, lightli_temple_of_fire, gammafunk_ghost_smash
D:10:     layout_long_grid, erik_lair_dragon, serial_undead, serial_undead_c,
          serial_undead_b, serial_undead_b, serial_undead_d, uniq_nergalle
D:11:     layout_loops_ring, david_orc_5, nicolae_shop_vocational
Temple:   regret_index_temple_generic_petals
Orc:1:    layout_caves, basic_altar, minmay_shop_enchanted_jewellery,
          mines5_lemuel

Skill      XL: |  1  2  3  4  5  6  7  8  9 10 11 12 |
---------------+-------------------------------------+-----
Dodging        | 3 5 6 7 8 9 |  9.3
Long Blades    | 3 |  3.2
Fighting       | 3 4 5 6 7 9 10 | 10.6
Staves         | 1 4 5 6 7 8 9 10 | 10.1
Armour         | 1 3 5 6 7 8 |  8.4
Invocations    | 1 5 7 |  7.3
Throwing       | |  1.7

Action                   |  1- 3 |  4- 6 |  7- 9 | 10-12 || total
-------------------------+-------+-------+-------+-------++-------
Melee: Long sword        |    89 |       |       |       ||    89
       Lajatang          |     9 |    80 |   252 |   567 ||   908
Throw: Throwing net      |       |       |       |     5 ||     5
  Use: Scroll            |     2 |     2 |    12 |     7 ||    23
Armor: Leather armour    |     6 |       |       |       ||     6
       Ring mail         |    39 |    47 |   130 |   273 ||   489
Dodge: Dodged            |    61 |    67 |   177 |   490 ||   795

Table legend: (Time is in decaauts)
 A = Elapsed time spent in this place.
 B = Non-inter-level travel time spent in this place.
 C = Inter-level travel time spent in this place.
 D = Time resting spent in this place.
 E = Time spent auto-exploring this place.
 F = Levels seen in this place.
 G = Mean time per level.
                   A        B        C        D        E       F      G
               +--------+--------+--------+--------+--------+-----+--------+
         Total |  10482 |   9869 |    613 |    593 |   7096 |  13 |  806.3 |
       Dungeon |   9811 |   9256 |    555 |    593 |   6718 |  11 |  891.9 |
        Temple |    280 |    223 |     57 |      0 |    218 |   1 |  280.0 |
  Orcish Mines |    389 |    389 |      0 |      0 |    160 |   1 |  389.0 |
               +--------+--------+--------+--------+--------+-----+--------+

Top non-repeatable levels by time:
     D:1: 1075 daAuts
     D:5: 1004 daAuts
     D:2: 999 daAuts
     D:7: 968 daAuts
     D:3: 947 daAuts
     D:6: 928 daAuts
     D:8: 897 daAuts
     D:9: 837 daAuts
    D:10: 802 daAuts
    D:11: 737 daAuts
     D:4: 612 daAuts
   Orc:1: 389 daAuts
  Temple: 280 daAuts
